 Dungeon Crawl Stone Soup version 0.31.0-11-ge490571c62 (webtiles) character file.

Game seed: 17720417572964030079

30690 browni3141 the Severer (level 13, -2/119 HPs)
             Began as a Minotaur Fighter on Jan 28, 2024.
             Was a High Priest of Okawaru.
             Slain by a cane toad (14 damage)
             ... on level 5 of the Lair of Beasts.
             The game lasted 00:07:47 (14126 turns).

browni3141 the Severer (Minotaur Fighter)          Turns: 14126, Time: 00:07:48

Health: -2/119     AC: 21    Str: 26    XL:     13   Next: 21%
Magic:  12/12      EV:  8    Int:  5    God:    Okawaru [*****.]
Gold:   724        SH:  7    Dex: 10    Spells: 12/12 levels left

rFire   . . .        x - +0 broad axe (flame)
rCold   . . .        c - +0 buckler
rNeg    . . .        A - +0 plate armour
rPois   .            (helmet restricted)
rElec   .            o - +0 cloak
rCorr   .            I - +2 pair of gloves
SInv    .            (no boots)
Will    .....        M - amulet of the acrobat Stlth
                     (no ring)
HPRegen 0.39/turn    (no ring)
MPRegen 0.13/turn

%: acrobat
@: lethally poisoned (-2 -> -34), studying Unarmed Combat
A: horns 2, retaliatory headbutt
a: Renounce Religion, Heroism, Finesse, Duel


You were on level 5 of the Lair of Beasts.
You worshipped Okawaru.
Okawaru was extremely pleased with you.
You visited 3 branches of the dungeon, and saw 14 of its levels.
You also visited: Sewer.

You collected 724 gold pieces.

Inventory:

Hand Weapons
 a - a +1 war axe
 x - a +0 broad axe of flaming (weapon)
Missiles
 C - 10 javelins (quivered)
 G - a datura-tipped dart
 K - 3 boomerangs
Armour
 b - a +0 scale mail
 c - a +0 buckler (worn)
 o - a +0 cloak (worn)
 z - a +0 tower shield
 A - a +0 plate armour (worn)
 I - a +2 pair of gloves (worn)
Jewellery
 M - an amulet of the acrobat (around neck)
Wands
 v - a wand of iceblast (14)
 y - a wand of mindburst (30)
 B - a wand of paralysis (15)
 E - a wand of digging (2)
Scrolls
 g - 2 scrolls of vulnerability
 l - 3 scrolls of fear
 m - a scroll of enchant weapon
 n - 3 scrolls of fog
 s - 3 scrolls of teleportation
 t - 5 scrolls of blinking
 w - a scroll of enchant armour
 H - 2 scrolls of amnesia {unknown}
 J - a scroll of immolation {unknown}
 L - a scroll of revelation {unknown}
Potions
 d - 8 potions of might
 e - 2 potions of brilliance
 f - 6 potions of ambrosia
 h - 7 potions of heal wounds
 i - a potion of cancellation {unknown}
 j - 5 potions of curing
 k - 2 potions of invisibility {unknown}
 p - a potion of berserk rage {unknown}
 q - a potion of experience {unknown}
 r - 4 potions of enlightenment
 u - a potion of magic {unknown}
 D - a potion of degeneration {unknown}
 F - 3 potions of haste {unknown}


   Skills:
 + Level 12.6 Fighting
 - Level 16.0 Axes
 * Level 13.5 Armour
 * Level 13.5 Shields


You had 12 spell levels left.
You didn't know any spells.
Your spell library contained the following spells:

 Spells                   Type           Power      Damage    Failure   Level
 Kiss of Death            Conj/Necr      0%         2d5       99%         1
 Mercury Vapours          Alch/Air       0%         N/A       100%        2
 Confusing Touch          Hex            0%         N/A       100%        3
 Frozen Ramparts          Ice            0%         1d1       100%        3
 Mephitic Cloud           Conj/Alch/Air  0%         N/A       100%        3
 Volatile Blastmotes      Fire/Tloc      0%         2d10      100%        3
 Dimensional Bullseye     Hex/Tloc       0%         N/A       100%        4
 Dispel Undead            Necr           0%         3d6       100%        4
 Fulminant Prism          Conj/Alch      0%         3d5       100%        4
 Iskenderun's Mystic Bla  Conj/Tloc      0%         2d3       100%        4
 Leda's Liquefaction      Alch/Erth      0%         N/A       100%        4
 Petrify                  Alch/Erth      0%         N/A       100%        4
 Freezing Cloud           Conj/Ice/Air   0%         6-21      100%        5
 Metabolic Englaciation   Hex/Ice        0%         N/A       100%        5
 Tukima's Dance           Hex            Unusable   N/A       N/A         3

Dungeon Overview and Level Annotations

Branches:
Dungeon (8/15)             Temple (1/1) D:7            Lair (5/5) D:8
  Swamp (0/4) Lair:2        Snake (0/4) Lair:2        Sewer (visited)
  Slime: Lair:4-5

Altars:
Ashenzari
Cheibriados
Elyvilon
Fedhas
Gozag
Kikubaaqudgha
Makhleb
Nemelex Xobeh
Okawaru
Qazlal
Ru
Sif Muna
Trog
Uskayaw
Vehumet
Wu Jian
Xom
Yredelemnul
Zin
The Shining One

Shops:
D:7 =

Annotations:
D:6 3 runed translucent doors, Gadfly's ghost, novice MfSh


Innate Abilities, Weirdness & Mutations

You have a pair of horns on your head.
You reflexively headbutt those who attack you in melee.


Message History

The flame cauterises the wound!
You slash the one-headed hydra! You burn the one-headed hydra.
You kill the one-headed hydra!
Okawaru is honoured by your kill.
You see here a hydra corpse.
No target in view!
You enter the shallow water.
Moving in this stuff is going to be slow.
You now have 724 gold pieces (gained 10).
Key pressed, stopping explore.
Done exploring.
Done exploring.
Done exploring.
Done exploring.
There is a stone staircase leading down here.
You climb downwards.
The cane toad gives a loud, deep croak!
The black mamba hisses angrily.
The elephant trumpets!
Found a potion of heal wounds and a rapier.
Found a stone staircase leading up.
There is a stone staircase leading up here.
Okay, then.
An elephant comes into view.
The black mamba barely misses you.
You barely miss the black mamba. Your headbutt misses the black mamba.
The black mamba bites you but does no damage.
The black mamba closely misses you.
You barely miss the black mamba. Your headbutt misses the black mamba.
The black mamba closely misses you.
You fail to use your ability.
The black mamba bites you! The black mamba barely misses you.
You furiously retaliate!
You headbutt the black mamba! You hit the black mamba.
You burn the black mamba. Your headbutt misses the black mamba.
The black mamba is heavily wounded.
You hit the cane toad. You burn the cane toad.
The black mamba bites you but does no damage.
The cane toad stings you!
You are poisoned.
The cane toad poisons you!
You slice the black mamba!! You burn the black mamba.
Your headbutt misses the black mamba.
The black mamba is almost dead.
You barely miss the cane toad.
You feel very sick. The black mamba completely misses you.
The cane toad stings you!
You are more poisoned.
The cane toad poisons you! The black mamba bites you!
You are more poisoned.
The black mamba poisons you!
You barely miss the black mamba. Your headbutt misses the black mamba.
The black mamba is almost dead.
You hit the cane toad. You burn the cane toad.
You feel extremely sick. You block the black mamba's attack.
The cane toad stings you.
An elephant comes into view.
The elephant trumpets!
You slice the black mamba!! You burn the black mamba.
You kill the black mamba!
Okawaru accepts your kill.
You barely miss the cane toad. You hit the elephant. You burn the elephant.
You feel extremely sick.
The cane toad stings you but does no damage.
You hit the elephant. You burn the elephant.
The elephant is lightly wounded.
You barely miss the cane toad.
You feel extremely sick. The elephant closely misses you.
You furiously retaliate!
You headbutt the elephant, but do no damage.
You block the elephant's attack.
The cane toad stings you but does no damage.
You hit the elephant. You burn the elephant. You headbutt the elephant.
The elephant is moderately wounded.
You slash the cane toad! You burn the cane toad.
You feel extremely sick. The cane toad stings you.
You slash the cane toad! You burn the cane toad.
The cane toad is severely wounded.
You slice the elephant!! You burn the elephant.
You feel very sick.
The cane toad stings you but does no damage.
The elephant tramples you but does no damage.
The elephant trunk-slaps you but does no damage.
You barely miss the elephant. You headbutt the elephant!
The elephant is severely wounded.
You barely miss the cane toad. You hit the elephant. You burn the elephant.
You feel very sick. The cane toad stings you.
You are lethally poisoned!
The cane toad poisons you!
The elephant tramples you but does no damage.
The elephant trunk-slaps you but does no damage.
You block the elephant's attack.
The elephant trunk-slaps you but does no damage.
You hit the elephant. You burn the elephant.
The elephant is almost dead.
You barely miss the cane toad. You slash the elephant! You burn the elephant.
You feel extremely sick. The cane toad stings you!
You die...

#.....# ..... ..
#.....# ..... ...
#.....##.....
...##..8.........
.8.......Y#..8..#
................#
.......8YF.....##
#.......Y@!......
....8..<..8...#..
.##.........#....
##...8...## ...
##........ .
##.........
#...)#....
.....#.... 8.<.8.
...


You could see 3 elephants and a cane toad.

Vanquished Creatures
  Josephine (Lair:4)
  The ghost of Dikli the Blocker, a journeyman MiBe of Trog (Lair:3)
  5 hydras
  A boulder beetle (Lair:3)
  A death yak (Lair:1)
  2 skysharks (Lair:4)
  A goliath frog (Lair:2)
  6 elephants (Lair:3)
  3 meliai (Lair:4)
  5 black mambas
  A torpor snail (Lair:1)
  12 cane toads
  6 komodo dragons
  6 rime drakes
  A queen bee (Lair:4)
  2 polar bears
  10 blink frogs (Lair:2)
  16 yaks
  5 wraiths (Lair:4)
  5 basilisks
  Eustachio (D:4)
  2 steam dragons (Lair:3)
  A naga (Lair:2)
  An acid dragon (D:8)
  3 sky beasts
  7 water moccasins
  A swamp drake (Lair:2)
  An ice beast (D:7)
  A black bear (D:6)
  5 wolves (Lair:2)
  2 centaurs
  3 kobold brigands
  15 bullfrogs
  3 scorpions
  4 wights (D:7)
  20 killer bees (Lair:4)
  2 howler monkeys (D:7)
  2 electric eels (Lair:4)
  A hound (D:6)
  3 bombardier beetles
  An orc priest (D:6)
  Terence (D:3)
  3 iguanas
  6 orc wizards
  A sleepcap (D:5)
  7 hell rats (Lair:2)
  11 gnolls
  6 adders
  A river rat (Sewer)
  A shadow imp (D:6)
  A white imp (D:7)
  4 ufetubi
  2 dart slugs
  13 orcs
  2 bats
  6 endoplasms
  3 giant cockroaches
  6 goblins
  6 hobgoblins
  5 jackals
  3 quokkas
  7 ball pythons
  3 frilled lizards
  23 kobolds
  9 rats
299 creatures vanquished.

Notes
Turn   | Place    | Note
-------+----------+-------------------------------------------
     0 | D:1      | browni3141 the Minotaur Fighter began the quest for the
                  | Orb.
     0 | D:1      | Reached XP level 1. HP: 19/19 MP: 0/0
   269 | D:1      | Reached skill level 3 in Axes
   333 | D:1      | Reached XP level 2. HP: 27/27 MP: 1/1
  1047 | D:2      | Reached XP level 3. HP: 32/33 MP: 2/2
  1104 | D:2      | Reached skill level 4 in Axes
  1886 | D:3      | Reached XP level 4. HP: 21/41 MP: 3/3
  2026 | D:3      | Noticed Terence
  2033 | D:3      | Killed Terence
  2152 | D:3      | Reached skill level 5 in Axes
  2159 | D:3      | Reached skill level 5 in Fighting
  2159 | D:3      | Reached XP level 5. HP: 27/48 MP: 4/4
  2669 | D:4      | Found a broken altar of Ashenzari.
  2683 | D:4      | Reached skill level 6 in Axes
  2696 | D:4      | Found a glowing drain.
  2747 | Sewer    | Entered a sewer
  2882 | Sewer    | Reached XP level 6. HP: 55/56 MP: 5/5
  2905 | Sewer    | Found a glowing silver altar of Zin.
  3053 | D:4      | Noticed Eustachio
  3080 | D:4      | Killed Eustachio
  3081 | D:4      | Reached skill level 7 in Axes
  3279 | D:4      | Reached XP level 7. HP: 64/64 MP: 6/6
  3437 | D:5      | Entered Level 5 of the Dungeon
  3443 | D:5      | Reached skill level 8 in Axes
  4363 | D:6      | Found a bloodstained altar of Trog.
  4363 | D:6      | Found a sparkling altar of Nemelex Xobeh.
  4387 | D:6      | Reached skill level 9 in Axes
  4387 | D:6      | Found a runed translucent gate.
  4387 | D:6      | Found a runed translucent gate.
  4487 | D:6      | Found a runed translucent gate.
  4488 | D:6      | Noticed Gadfly's ghost (novice MfSh)
  4527 | D:6      | Reached XP level 8. HP: 45/73 MP: 7/7
  4661 | D:6      | Reached skill level 10 in Axes
  5334 | D:7      | Found Refos's Jewellery Shoppe.
  5381 | D:7      | Found a staircase to the Ecumenical Temple.
  5396 | D:7      | Reached skill level 11 in Axes
  5402 | Temple   | Found a transporter.
  5402 | Temple   | Found a transporter.
  5402 | Temple   | Found a transporter.
  5402 | Temple   | Found a transporter.
  5402 | Temple   | Entered the Ecumenical Temple
  5404 | Temple   | Found a transporter.
  5404 | Temple   | Found a transporter.
  5417 | Temple   | Became a worshipper of Warmaster Okawaru
  5731 | D:7      | Reached XP level 9. HP: 59/82 MP: 8/8
  6048 | D:7      | Reached skill level 5 in Armour
  6048 | D:7      | Reached skill level 5 in Shields
  6651 | D:8      | Found a staircase to the Lair.
  7130 | Lair:1   | Entered Level 1 of the Lair of Beasts
  7130 | Lair:1   | Noticed a komodo dragon
  7130 | Lair:1   | Noticed a black mamba
  7141 | D:8      | Killed a black mamba
  7141 | D:8      | Reached * piety under Okawaru
  7305 | Lair:1   | Killed a komodo dragon
  7525 | Lair:1   | Reached skill level 12 in Axes
  7591 | Lair:1   | Noticed a cane toad
  7603 | Lair:1   | Killed a cane toad
  7757 | Lair:1   | Noticed a rime drake
  7762 | Lair:1   | Killed a rime drake
  7763 | Lair:1   | Reached XP level 10. HP: 73/91 MP: 9/9
  7922 | Lair:1   | Reached ** piety under Okawaru
  8116 | Lair:1   | Noticed a torpor snail
  8120 | Lair:1   | Noticed a death yak
  8127 | Lair:1   | Killed a torpor snail
  8131 | Lair:1   | Killed a death yak
  8131 | Lair:1   | Reached *** piety under Okawaru
  8132 | Lair:1   | Reached skill level 10 in Fighting
  8132 | Lair:1   | Reached skill level 13 in Axes
  8458 | Lair:1   | Noticed a cane toad
  8470 | Lair:1   | Killed a cane toad
  8927 | Lair:2   | Reached **** piety under Okawaru
  9002 | Lair:2   | Reached XP level 11. HP: 50/101 MP: 10/10
  9204 | Lair:2   | Noticed a goliath frog
  9215 | Lair:2   | Reached ***** piety under Okawaru
  9216 | Lair:2   | Killed a goliath frog
  9465 | Lair:2   | Reached skill level 14 in Axes
  9473 | Lair:2   | Reached skill level 10 in Shields
  9479 | Lair:2   | Reached skill level 10 in Armour
  9638 | Lair:2   | Found a staircase to the Swamp.
  9780 | Lair:2   | Received a gift from Okawaru
  9915 | Lair:2   | Found a staircase to the Snake Pit.
 10234 | Lair:3   | Noticed a six-headed hydra
 10248 | Lair:3   | Killed a seven-headed hydra
 10582 | Lair:3   | Identified a scroll of acquirement
 10583 | Lair:3   | Acquired a +0 broad axe of flaming
 10642 | Lair:3   | Received a gift from Okawaru
 10774 | Lair:3   | Noticed a seven-headed hydra
 10779 | Lair:3   | Killed a three-headed hydra
 10870 | Lair:3   | Noticed a boulder beetle
 10881 | Lair:3   | Reached XP level 12. HP: 63/110 MP: 8/11
 10890 | Lair:3   | Reached skill level 15 in Axes
 10892 | Lair:3   | Killed a boulder beetle
 11168 | Lair:3   | Found a runed translucent door.
 11170 | Lair:3   | Noticed Dikli's ghost (journeyman MiBe)
 11338 | Lair:3   | Received a gift from Okawaru
 11408 | Lair:3   | Noticed a seven-headed hydra
 11622 | Lair:3   | Killed a three-headed hydra
 12088 | Lair:3   | Identified the +3 ring mail "Radacas" {rN+ Regen+ Dex+3}
 12140 | Lair:3   | Identified the +0 dagger "Mearu" {flame, ^Fragile rC++}
 12515 | Lair:3   | Killed Dikli's ghost
 12723 | Lair:4   | Received a gift from Okawaru
 12901 | Lair:4   | Noticed a seven-headed hydra
 12906 | Lair:4   | Killed a four-headed hydra
 12998 | Lair:4   | Reached skill level 16 in Axes
 13083 | Lair:4   | Received a gift from Okawaru
 13090 | Lair:4   | Reached XP level 13. HP: 50/118 MP: 12/12
 13542 | Lair:4   | Noticed Josephine
 13560 | Lair:4   | Killed Josephine
 14112 | Lair:5   | Entered Level 5 of the Lair of Beasts
 14126 | Lair:5   | Slain by a cane toad

Illustrated notes

Levels and vault maps discovered:
D:1:      elethiomel_arrival_maze, layout_basic, serial_glass, glass_columns_b,
          glass_columns_a
D:2:      layout_basic, serial_co_window_serial, co_window_corner_a,
          co_window_corner_a, co_window_paths_a, co_window_paths_b,
          co_window_corner_a, co_window_paths_b, co_window_of_opportunity_b,
          co_window_broadway_a, co_window_broadway_b, co_window_broadway_c,
          co_window_of_opportunity_c, co_window_of_opportunity_b,
          co_window_2corner, glass_columns_a, glass_columns_a, glass_columns_a,
          glass_columns_b, glass_columns_b, st_stairs_5, minmay_pentomino_t2
D:3:      layout_loops_cross, fountainhead, uniq_terence
D:4:      layout_basic, amcnicky_altar_gilded, gup_sewer_entry_bowl,
          minmay_vboxes, uniq_eustachio
D:5:      layout_gridville
D:6:      layout_rooms, chequers_temple_overflow_statue_of_worship,
          gammafunk_ghost_nasty_kobolds
D:7:      layout_layer_cave, temple_statues, serial_shops, shop, minivault_27
D:8:      layout_basic, dpeg_oklobed_lair, serial_shops, shop
Temple:   hellmonk_temple_divided_pantheon
Lair:1:   layout_gridlike, cheibrodos_lair_reptile_den
Lair:2:   layout_long_grid, mainiacjoe_swamp_entry_lozenge_pond,
          guppyfry_snake_entry_garden, serial_bayou_shore_b, grunt_megastairs_2
Lair:3:   layout_loops_ring, hellmonk_ghost_happy_afterlife, nzn_random_ring
Lair:4:   layout_gridlike, special_room [special_room_bee], minivault_23,
          infiniplex_staircase_pool, serial_bayou_shore_a, uniq_josephine
Lair:5:   hellmonk_lair_end_abyssal_woods, layout_cave_shapes,
          nicolae_slime_entry_slimehenge, st_stairs_7, grunt_megastairs_3

Skill      XL: |  1  2  3  4  5  6  7  8  9 10 11 12 |
---------------+-------------------------------------+-----
Axes           | 3 4 5 6 7 9 11 12 13 14 16 | 16.0
Fighting       | 4 5 6 7 8 9 10 11 12 | 12.6
Armour         | 4 7 9 11 13 | 13.5
Shields        | 4 7 9 11 13 | 13.5

Action                     |  1- 3 |  4- 6 |  7- 9 | 10-12 | 13-15 || total
---------------------------+-------+-------+-------+-------+-------++-------
  Melee: War axe           |    66 |    97 |   228 |   188 |       ||   579
         Headbutt          |     8 |    16 |    36 |    65 |    13 ||   138
         Broad axe         |       |       |       |   182 |    75 ||   257
  Throw: Dart              |       |       |       |     3 |       ||     3
         Javelin           |       |       |       |     7 |       ||     7
 Invoke: Heroism           |       |       |     2 |     9 |     2 ||    13
  Evoke: Wand              |       |       |       |     1 |       ||     1
    Use: Scroll            |       |       |     7 |     3 |       ||    10
         Potion            |       |       |     2 |     1 |       ||     3
 Armour: Scale mail        |    60 |    72 |   126 |       |       ||   258
         Plate armour      |       |       |    98 |   440 |    80 ||   618
  Dodge: Dodged            |    34 |    59 |    84 |   127 |    40 ||   344
  Block: Buckler           |    14 |    27 |    42 |   157 |    29 ||   269
